 Dungeon Crawl Stone Soup version 0.30-a0-632-g346586fe48 (webtiles) character file.

Game seed: 781873746662364831

496 wormed the Chopper (level 7, -1/61 HPs)
             Began as a Hill Orc Fighter on Jan 14, 2023.
             Blown up by Ijyb (13 damage)
             ... with a mindburst bolt
             ... on level 4 of the Dungeon.
             The game lasted 00:05:09 (2828 turns).

wormed the Chopper (Hill Orc Fighter)               Turns: 2828, Time: 00:05:10

Health: -1/61      AC: 22    Str: 24    XL:     7   Next: 15%
Magic:  7/7        EV:  5    Int:  8    God:
Gold:   541        SH:  9    Dex: 12    Spells: 6/6 levels left

rFire   . . .      SeeInvis .    a - +1 war axe
rCold   . . .      Faith    .    q - +0 kite shield
rNeg    . . .      Spirit   .    l - +1 plate armour of Okawaru's Benevolence {Rampage rElec Str+5}
rPois   .          Reflect  .    (no helmet)
rElec   +          Harm     .    h - +1 cloak
rCorr   .          Rampage  +    (no gloves)
Will    .....                    u - +2 pair of boots {Stlth+} Stlth
                                 (no amulet)
HPRegen 0.30/turn                e - +4 ring of protection
MPRegen 0.10/turn                (no ring)

@: mighty, studying Fighting
A: no striking features
a: no special abilities


You were on level 4 of the Dungeon.
You visited 1 branch of the dungeon, and saw 4 of its levels.
You also visited: Ossuary.

You collected 1449 gold pieces.
You spent 908 gold pieces at shops.

Inventory:

Hand Weapons
 a - a +1 war axe (weapon)
Missiles
 t - 9 poisoned darts (quivered)
Armour
 h - a +1 cloak (worn)
 l - the +1 plate armour of Okawaru's Benevolence (worn) {Rampage rElec Str+5}
   (You bought it in a shop on level 2 of the Dungeon)

   Str:       It affects your strength (+5).
   rElec:     It insulates you from electricity.
   Rampage:   It bestows one free step when moving towards enemies.
 q - a +0 kite shield (worn)
 u - a +2 pair of boots of stealth (worn)
Jewellery
 e - a +4 ring of protection (left hand)
Scrolls
 c - 3 scrolls of identify
 j - a scroll of enchant armour
 m - a scroll of enchant weapon
 o - 3 scrolls of immolation
 p - a scroll of teleportation
 r - 2 scrolls of fear
Potions
 b - a potion of cancellation
 d - 2 potions of might
 f - a potion of degeneration {unknown}
 g - 6 potions of heal wounds {unknown}
 i - a potion of brilliance {unknown}
 n - a potion of ambrosia {unknown}
 s - a potion of berserk rage {unknown}
 v - a potion of magic {unknown}
 w - 3 potions of curing {unknown}
 z - a potion of lignification {unknown}


   Skills:
 + Level 5.3 Fighting
 * Level 6.6 Axes
 + Level 4.8 Armour
 + Level 4.8 Shields


You had 6 spell levels left.
You didn't know any spells.
Your spell library was empty.

Dungeon Overview and Level Annotations

Branches:
Dungeon (4/15)             Temple (0/1) D:4         Ossuary (visited)

Altars:
Cheibriados
Gozag
Trog
Zin

Shops:
D:2 (*[(

Annotations:
D:4 Ijyb


Message History

No target in view!
No target in view!
No target in view!
c - a scroll of identify
Things that are here:
a +0 dagger; an orc corpse
c - 3 scrolls of identify (gained 2)
Found a staircase to the Ecumenical Temple.
o - 3 scrolls of immolation (gained 1)
Found a cloak.
g - 6 yellow potions (gained 1)
d - 3 potions of might (gained 1)
You now have 541 gold pieces (gained 17).
Ijyb the Twisted Goblin comes into view.
She is wielding a +0 club and carrying a wand of mindburst (10).
Ijyb drinks a potion.
Ijyb seems to speed up.
Ijyb is nearby!
Ijyb is nearby!
You rampage towards Ijyb!
You barely miss Ijyb. You block Ijyb's attack. Ijyb barely misses you.
You barely miss Ijyb.
Ijyb zaps a wand.
Your mind is blasted!
Ijyb zaps a wand.
Your mind is blasted!
You are too injured to fight recklessly!
You are too injured to fight recklessly!
You are too injured to fight recklessly!
You are too injured to fight recklessly!
You slash Ijyb!
Ijyb is heavily wounded.
Ijyb zaps a wand.
Your mind is blasted!
* * * LOW HITPOINT WARNING * * *
You block Ijyb's attack.
You feel very mighty all of a sudden. Ijyb hits you but does no damage.
You block Ijyb's attack.
You barely miss Ijyb.
Ijyb is heavily wounded.
You block Ijyb's attack. Ijyb hits you with a +0 club.
* * * LOW HITPOINT WARNING * * *
You hit Ijyb but do no damage.
Ijyb is heavily wounded.
Ijyb zaps a wand.
Your mind is blasted!
You die...

........##########.
#######.##########.
#............
#######
#.#########..
#..$..# #.# #..
#.....###.# #.#
#.........# #.#
#.....###.# #.#
#...@.# #.# #.#
###g### #.# #.# ...
..# ###.# ###. ###
#.... #. #.... #.
#..... #. #......
#. #...... #....≈≈


You could see Ijyb (fast).

Vanquished Creatures
  3 water moccasin zombies (Ossuary)
  An orc priest (D:3)
  Natasha (thrice) (D:2)
  2 orc wizards (D:3)
  3 mummies
  2 adders (D:2)
  3 adder zombies (Ossuary)
  3 worms
  6 dart slugs
  11 orcs
  6 ball pythons
  3 endoplasms
  A giant cockroach (D:4)
  4 goblins
  7 hobgoblins
  3 jackals (D:1)
  2 quokkas
  2 bats
  A frilled lizard (D:2)
  6 gnoll zombies (Ossuary)
  2 hobgoblin zombies (Ossuary)
  5 kobolds
  6 kobold zombies (Ossuary)
  8 orc zombies (Ossuary)
  6 rats
99 creatures vanquished.

Vanquished Creatures (others)
  3 toadstools (D:4)
3 creatures vanquished.

Grand Total: 102 creatures vanquished

Notes
Turn   | Place    | Note
-------+----------+-------------------------------------------
     0 | D:1      | wormed the Hill Orc Fighter began the quest for the Orb.
     0 | D:1      | Reached XP level 1. HP: 19/19 MP: 1/1
    54 | D:1      | Reached skill level 3 in Axes
   124 | D:1      | Reached XP level 2. HP: 27/27 MP: 2/2
   190 | D:1      | Reached XP level 3. HP: 33/33 MP: 3/3
   593 | D:2      | Found Ekoaq's Weapon Shoppe.
   641 | D:2      | Noticed Natasha
   653 | D:2      | Killed Natasha
   654 | D:2      | Reached skill level 4 in Axes
   654 | D:2      | Reached XP level 4. HP: 40/40 MP: 4/4
   772 | D:2      | Found Ozxuofig's Assorted Antiques.
   772 | D:2      | Noticed Natasha
   983 | D:2      | Killed Natasha
  1077 | D:2      | Reached XP level 5. HP: 47/47 MP: 5/5
  1158 | D:2      | Identified the +1 robe "Koucetz" {rPois Stlth+}
  1174 | D:2      | Found Xoguschef's Weapon Boutique.
  1225 | D:2      | Bought a scroll labelled PEUMUO QAOTI for 23 gold pieces
  1225 | D:2      | Bought a scroll labelled VAIF MUCOASUF for 23 gold pieces
  1225 | D:2      | Bought a scroll labelled VAIF MUCOASUF for 23 gold pieces
  1234 | D:2      | Found Nosunybi's Antique Armour Shop.
  1329 | D:3      | Found a snail-covered altar of Cheibriados.
  1480 | D:3      | Reached skill level 5 in Axes
  1632 | D:3      | Found a bloodstained altar of Trog.
  1741 | D:3      | Reached XP level 6. HP: 53/53 MP: 6/6
  1746 | D:3      | Found a faded altar of an unknown god.
  1926 | D:3      | Found an opulent altar of Gozag.
  1926 | D:3      | Found a glowing silver altar of Zin.
  2172 | D:4      | Found a sand-covered staircase.
  2179 | Ossuary  | Entered an ossuary
  2254 | Ossuary  | Reached skill level 5 in Fighting
  2254 | Ossuary  | Reached skill level 6 in Axes
  2314 | Ossuary  | Reached XP level 7. HP: 54/61 MP: 7/7
  2442 | Ossuary  | Identified 2 scrolls of acquirement
  2442 | Ossuary  | Acquired a manual of Fighting
  2444 | Ossuary  | Acquired 1255 gold pieces
  2547 | D:2      | Bought a polished plate armour for 588 gold pieces
  2547 | D:2      | Identified the +1 plate armour of Okawaru's Benevolence
                  | {Rampage rElec Str+5} (You bought it in a shop on level 2
                  | of the Dungeon)
  2547 | D:2      | Bought a kite shield for 94 gold pieces
  2547 | D:2      | Bought a pair of embroidered boots for 157 gold pieces
  2619 | D:2      | Noticed Natasha
  2629 | D:2      | Killed Natasha
  2770 | D:4      | Found a staircase to the Ecumenical Temple.
  2821 | D:4      | Noticed Ijyb
  2828 | D:4      | Blown up by Ijyb

Illustrated notes

Levels and vault maps discovered:
D:1:      lightli_arrival_noodles, layout_basic
D:2:      layout_basic, serial_shops, shop, shop, nicolae_lakefront_shop,
          nicolae_shop_statue_plus, uniq_natasha
D:3:      layout_loops_ring, grunt_temple_overflow_gold_and_silver,
          slow_altar_1, old_standard_altar, hellmonk_ecumenical_altar_blasted,
          minmay_misc_feat_room, dreamdust_princess_corridor,
          chequers_serial_rivers_micro_a
D:4:      layout_loops_ring, temple_pool_b,
          nicolae_ossuary_entry_false_entrances, grunt_decor_one_mirror,
          minmay_gold_behind_fungi, uniq_robin, uniq_ijyb

Skill      XL: |  1  2  3  4  5  6 |
---------------+-------------------+-----
Axes           | 3 4 5 6 |  6.6
Fighting       | 4 5 |  5.3
Shields        | 4 |  4.8
Armour         | 4 |  4.8

Action                   |  1- 3 |  4- 6 |  7- 9 || total
-------------------------+-------+-------+-------++-------
Melee: War axe           |    85 |   182 |    46 ||   313
  Use: Scroll            |     1 |     4 |     8 ||    13
       Potion            |       |       |     1 ||     1
Armor: Scale mail        |    34 |       |       ||    34
       Chain mail        |    17 |    96 |    12 ||   125
       Plate armour      |       |       |    18 ||    18
Dodge: Dodged            |    36 |    46 |     8 ||    90
Block: Buckler           |    27 |    36 |     4 ||    67
       Kite shield       |       |       |     9 ||     9

Table legend: (Time is in decaauts)
 A = Elapsed time spent in this place.
 B = Non-inter-level travel time spent in this place.
 C = Inter-level travel time spent in this place.
 D = Time resting spent in this place.
 E = Time spent auto-exploring this place.
 F = Levels seen in this place.
 G = Mean time per level.
                   A        B        C        D        E       F      G
               +--------+--------+--------+--------+--------+-----+--------+
         Total |   2972 |   2738 |    234 |      0 |   1973 |   5 |  594.4 |
       Dungeon |   2672 |   2438 |    234 |      0 |   1831 |   4 |  668.0 |
       Ossuary |    299 |    299 |      0 |      0 |    142 |   1 |  299.0 |
               +--------+--------+--------+--------+--------+-----+--------+

Top non-repeatable levels by time:
     D:2: 978 daAuts
     D:3: 873 daAuts
     D:1: 605 daAuts
 Ossuary: 299 daAuts
     D:4: 214 daAuts
